 Dungeon Crawl Stone Soup version 0.21.0 (webtiles) character file.

9718 MovingMist the Fighter (level 11, -5/72 HPs)
             Began as a Gargoyle Fighter on Jan 5, 2018.
             Was a High Priest of Okawaru.
             Killed from afar by a deep elf mage (11 damage)
             ... with an orb of energy
             ... on level 10 of the Dungeon.
             The game lasted 00:26:15 (9538 turns).

MovingMist the Fighter (Gargoyle Fighter)           Turns: 9538, Time: 00:26:16

Health: -5/72      AC: 27    Str: 27    XL:     11   Next: 50%
Magic:  0/11       EV: 11    Int: 16    God:    Okawaru [*****.]
Gold:   189        SH:  0    Dex: 12    Spells: 8/10 levels left

rFire    . . .     SeeInvis .   N - +7 battleaxe "Orb Guardian's Curse" {chop, Str+2 Int+7}
rCold    + . .     Gourm    .   (shield currently unavailable)
rNeg     + . .     Faith    .   r - +0 plate armour
rPois    ∞         Spirit   +   n - +0 helmet
rElec    +         Reflect  .   A - scarf {cloud immunity}
rCorr    .         Harm     .   P - +0 pair of gloves
MR       .....                  B - +0 pair of boots
Stlth    ..........             y - amulet of guardian spirit
HPRegen  0.22/turn              i - +5 ring of strength
MPRegen  0.12/turn              S - ring of protection from cold

@: no status effects
A: negative energy resistance 1, electricity resistance, unbreathing,
petrification resistance, rot immunity, AC +8
a: Heroism, Finesse, Renounce Religion


You were on level 10 of the Dungeon.
You worshipped Okawaru.
Okawaru was extremely pleased with you.
You were hungry.

You visited 1 branch of the dungeon, and saw 10 of its levels.
You also visited: Sewer.

You collected 489 gold pieces.
You spent 300 gold pieces at shops.

Inventory:

Hand Weapons
 N - the +7 battleaxe "Orb Guardian's Curse" (weapon) {chop, Str+2 Int+7}
   (Okawaru gifted it to you on level 8 of the Dungeon)

   It inflicts extra damage upon your enemies.
   It affects your strength (+2).
   It affects your intelligence (+7).
 T - a +5 broad axe of chopping
Armour
 n - a +0 helmet (worn)
 r - a +0 plate armour (worn)
 A - a scarf of cloud immunity (worn)
 B - a +0 pair of boots (worn)
 P - a +0 pair of gloves (worn)
Jewellery
 a - an uncursed ring of ice
 c - a cursed -2 ring of evasion {unknown}
 i - a +5 ring of strength (left hand)
 y - an amulet of guardian spirit (around neck)
 R - an uncursed ring of protection from magic
 S - a ring of protection from cold (right hand)
Wands
 b - a wand of digging (22)
 x - a wand of acid (15)
 L - a wand of enslavement (12)
 M - a wand of iceblast (11)
 O - a wand of polymorph (1)
Scrolls
 e - 4 scrolls of remove curse {unknown}
 h - 12 scrolls of identify {unknown}
 j - 8 scrolls of teleportation {unknown}
 l - 5 scrolls of enchant armour {unknown}
 m - 2 scrolls of fear {unknown}
 o - 2 scrolls of amnesia {unknown}
 q - a scroll of blinking {unknown}
 s - 2 scrolls of immolation {unknown}
 t - 5 scrolls of magic mapping {unknown}
 v - 2 scrolls of noise {unknown}
 w - a scroll of random uselessness {unknown}
 G - a scroll of brand weapon {unknown}
 Q - a scroll of acquirement {unknown}
Potions
 d - 4 potions of might
 g - 4 potions of flight
 k - 5 potions of heal wounds
 p - 2 potions of invisibility
 u - a potion of curing {unknown}
 z - 2 potions of haste
 C - 3 potions of brilliance {unknown}
 D - 2 potions of cancellation {unknown}
 E - a potion of mutation {unknown}
 F - 2 potions of lignification {unknown}
 H - a potion of degeneration {unknown}
 I - 3 potions of agility
 J - 2 potions of resistance {unknown}
 U - a potion of ambrosia {unknown}
Comestibles
 f - 21 rations
 K - 8 chunks of flesh


   Skills:
 + Level 10.2 Fighting
 + Level 8.4 Axes
 + Level 10.2 Armour
 + Level 7.4 Dodging
   Level 3.2 Shields


You had 8 spell levels left.
You knew the following spells:

 Your Spells              Type           Power        Failure   Level  Hunger
a - Blink                 Tloc           N/A          97%         2    ###....


Dungeon Overview and Level Annotations

Branches:
Dungeon (10/15)            Temple (0/1) D:6            Lair (0/6) D:9
    Orc: D:9-12

Altars:
Cheibriados
Dithmenos
Gozag
Kikubaaqudgha
Makhleb
Okawaru
Qazlal
Sif Muna
Trog
Uskayaw
Vehumet
Yredelemnul
Zin
The Shining One

Shops:
D:8 =   D:9 (=   D:10 }


Innate Abilities, Weirdness & Mutations

You are resistant to torment.
Your stone body is resilient. (AC +8)
You are immune to poison.
You resist negative energy. (rN+)
You are resistant to electric shocks. (rElec)
You can survive without breathing.
You are immune to petrification.
You are immune to rotting.


Message History

You hit the deep elf mage.
The deep elf mage is heavily wounded.
You slice the battlesphere!!
You destroy the battlesphere!
The deep elf mage hits you with a pitted scimitar {pain}.
You writhe in agony.
The deep elf mage mumbles some strange words.
The deep elf mage conjures a globe of magical energy!
A battlesphere comes into view.
You closely miss the deep elf mage.
The deep elf mage is heavily wounded.
The deep elf mage gestures at you while chanting.
The lance of force hits you!
* * * LOW HITPOINT WARNING * * *
You are knocked back by the lance of force.
The battlesphere fires!
Unknown command.
The deep elf mage gestures at you while chanting.
The orb of energy hits you!
You die...

#...'.#..........
.##########()..........
..........()†......####
#........e........#
#.................#
#............[....#
#.......*.........#
#......(..........#
#....@............#
#...................
.......................
................#######
##############..# #..#
#.(# #..#


You could see a deep elf mage and a battlesphere.

Vanquished Creatures
  Fannar (D:10)
  3 two-headed ogres
  The ghost of hilaritas the Basher, a novice GrFi of Hepliaklqana (D:8)
  An unseen horror (D:7)
  A cyclops (D:10)
  Prince Ribbit (D:8)
  Grum (D:9)
  Eustachio (D:6)
  A hungry ghost (D:9)
  Edmund (D:4)
  A steam dragon (D:10)
  5 orc warriors
  An ice beast (D:7)
  A black bear (D:8)
  3 phantoms
  2 necrophages
  5 centaurs
  2 wolves (D:9)
  4 ogres
  5 big kobolds
  3 bullfrogs
  A wyvern skeleton (D:6)
  2 scorpions
  5 killer bees (D:7)
  2 howler monkeys
  3 crimson imps
  7 hounds
  10 orc wizards
  9 orc priests
  A quasit (D:7)
  A bullfrog skeleton (D:9)
  3 jellies
  6 iguanas
  Natasha (thrice) (D:3)
  4 worker ants
  Robin (D:2)
  3 hound skeletons
  15 adders
  4 gnolls (D:9)
  A river rat (D:6)
  2 shadow imps
  An ooze (D:7)
  3 adder skeletons
  2 adder zombies
  4 worms
  A dart slug (D:3)
  5 leopard geckos
  43 orcs
  8 bats
  9 giant cockroaches
  15 goblins
  13 hobgoblins
  34 jackals
  22 kobolds
  4 quokkas
  5 frilled lizards
  2 leopard gecko skeletons
  12 rats
310 creatures vanquished.

Vanquished Creatures (others)
  A centaur (D:6)
1 creature vanquished.

Grand Total: 311 creatures vanquished

Notes
Turn   | Place    | Note
-------+----------+-------------------------------------------
     0 | D:1      | MovingMist the Gargoyle Fighter began the quest for the Orb.
     0 | D:1      | Reached XP level 1. HP: 14/14 MP: 1/1
     6 | D:1      | Noticed an ettin
     6 | D:1      | Noticed a worker ant
     6 | D:1      | Noticed a tyrant leech
     6 | D:1      | Noticed an iguana
   216 | D:1      | Reached XP level 2. HP: 18/19 MP: 2/2
   713 | D:2      | Noticed Robin
   719 | D:2      | Reached XP level 3. HP: 23/23 MP: 3/3
   721 | D:2      | Reached skill level 1 in Dodging
   733 | D:2      | Killed Robin
   912 | D:2      | Found an iron altar of Okawaru.
   919 | D:2      | Became a worshipper of Warmaster Okawaru
  1019 | D:2      | Found a glowing golden altar of the Shining One.
  1156 | D:2      | Found a deep blue altar of Sif Muna.
  1172 | D:2      | Found a radiant altar of Vehumet.
  1179 | D:2      | Reached XP level 4. HP: 29/29 MP: 4/4
  1180 | D:2      | Found an ancient bone altar of Kikubaaqudgha.
  1234 | D:2      | Found a glowing silver altar of Zin.
  1707 | D:3      | Reached XP level 5. HP: 33/33 MP: 5/5
  1811 | D:3      | Noticed Natasha
  1826 | D:3      | Killed Natasha
  1913 | D:3      | Noticed Natasha
  1918 | D:3      | Killed Natasha
  1929 | D:3      | Noticed Natasha
  1940 | D:3      | Killed Natasha
  2036 | D:3      | Reached * piety under Okawaru
  2120 | D:3      | Reached XP level 6. HP: 33/39 MP: 6/6
  2850 | D:4      | Reached skill level 5 in Armour
  2864 | D:4      | Noticed Edmund
  2871 | D:4      | Reached skill level 5 in Fighting
  2871 | D:4      | Reached XP level 7. HP: 13/44 MP: 7/7
  2917 | D:4      | Killed Edmund
  2917 | D:4      | Reached ** piety under Okawaru
  3632 | D:4      | Found an opulent altar of Gozag.
  3713 | D:4      | Found a bloodstained altar of Trog.
  3786 | D:5      | Entered Level 5 of the Dungeon
  3797 | D:5      | Reached XP level 8. HP: 17/51 MP: 5/8
  5002 | D:6      | Reached skill level 5 in Axes
  5017 | D:6      | Reached *** piety under Okawaru
  5035 | D:6      | Reached XP level 9. HP: 40/56 MP: 7/9
  5184 | D:6      | Found a shadowy altar of Dithmenos.
  5328 | D:6      | Found a staircase to the Ecumenical Temple.
  5445 | D:6      | Noticed Eustachio
  5472 | D:6      | Killed Eustachio
  5556 | D:6      | Found a glowing drain.
  5570 | Sewer    | Entered a sewer
  6094 | D:7      | Reached skill level 5 in Dodging
  6500 | D:7      | Found a burning altar of Makhleb.
  6561 | D:7      | Killed an unseen horror
  6561 | D:7      | Reached **** piety under Okawaru
  6933 | D:7      | Reached XP level 10. HP: 64/64 MP: 10/10
  7139 | D:7      | Found a stormy altar of Qazlal.
  7360 | D:8      | Found Hupn's Jewellery Shop.
  7556 | D:8      | Found a basalt altar of Yredelemnul.
  7846 | D:8      | Noticed hilaritas's ghost (novice GrFi)
  7894 | D:8      | Killed hilaritas's ghost
  7894 | D:8      | Reached ***** piety under Okawaru
  7894 | D:8      | Received a gift from Okawaru
  7901 | D:8      | Got a smoking battleaxe {god gift}
  7908 | D:8      | Identified the +7 battleaxe "Orb Guardian's Curse" {chop, Str+2 Int+7} (Okawaru gifted it to you on level 8 of the Dungeon)
  8066 | D:8      | Noticed Prince Ribbit
  8075 | D:8      | Killed Prince Ribbit
  8166 | D:8      | Noticed a two-headed ogre
  8186 | D:8      | Killed a two-headed ogre
  8493 | D:9      | Learned a level 2 spell: Blink
  8502 | D:9      | Found a hide-covered altar of Uskayaw.
  8550 | D:9      | Found Licoinag's Antique Weapon Emporium.
  8576 | D:9      | Noticed Grum
  8590 | D:9      | Killed Grum
  8684 | D:9      | Reached XP level 11. HP: 48/71 MP: 8/11
  8740 | D:9      | Found a snail-covered altar of Cheibriados.
  8804 | D:9      | Found Utivuy's Jewellery Emporium.
  8813 | D:9      | Bought an uncursed ring of protection from cold for 300 gold pieces
  8979 | D:9      | Found a staircase to the Lair.
  9216 | D:10     | Entered Level 10 of the Dungeon
  9230 | D:10     | Found Koig's Gadget Shop.
  9235 | D:10     | Noticed Fannar
  9263 | D:10     | Killed Fannar
  9354 | D:10     | Noticed a two-headed ogre
  9361 | D:10     | Killed a two-headed ogre
  9361 | D:10     | Received a gift from Okawaru
  9361 | D:10     | Reached skill level 10 in Fighting
  9361 | D:10     | Reached skill level 10 in Armour
  9488 | D:10     | Noticed a cyclops
  9502 | D:10     | Noticed a two-headed ogre
  9509 | D:10     | Killed a two-headed ogre
  9517 | D:10     | Killed a cyclops
  9524 | D:10     | Noticed a deep elf mage
  9538 | D:10     | Killed from afar by a deep elf mage

Skill      XL: |  1  2  3  4  5  6  7  8  9 10 11 |
---------------+----------------------------------+-----
Axes           | 2 3 4 5 6 7 8 |  8.4
Dodging        | 1 2 3 4 5 6 7 |  7.4
Fighting       | 4 5 6 8 9 10 | 10.2
Armour         | 4 5 6 8 9 10 | 10.2
Shields        | |  3.2

Action                   |  1- 3 |  4- 6 |  7- 9 | 10-12 || total
-------------------------+-------+-------+-------+-------++-------
Melee: War axe           |   157 |   200 |   562 |   191 ||  1110
       Battleaxe         |       |       |       |   181 ||   181
       Unarmed           |       |       |       |    11 ||    11
Invok: Heroism           |       |       |     4 |     1 ||     5
  Use: Potion            |       |     1 |     2 |       ||     3
  Eat: Chunk             |     1 |     6 |    14 |     8 ||    29
       Ration            |       |       |       |     1 ||     1
Armor: Scale mail        |   101 |    61 |       |       ||   162
       Plate armour      |       |    55 |   554 |   244 ||   853
Dodge: Dodged            |    57 |    57 |   201 |   181 ||   496
Block: Shield            |    77 |   114 |   345 |   111 ||   647
